 Dungeon Crawl Stone Soup version 0.31.0-4-g52a2dc7128 (webtiles) character file.

Game seed: 14831649685822151929

648 sanka the Skirmisher (level 7, -3/55 HPs)
             Began as a Demigod Hunter on Jan 21, 2024.
             Slain by a killer bee (5 damage)
             ... on level 5 of the Dungeon.
             The game lasted 00:05:18 (3341 turns).

sanka the Skirmisher (Demigod Hunter)               Turns: 3341, Time: 00:05:19

Health: -3/55      AC:  9    Str: 12    XL:     7   Next: 6%
Magic:  9/9        EV: 13    Int: 11    God:
Gold:   213        SH:  0    Dex: 25    Spells: 6/6 levels left

rFire   . . .        a - +0 shortbow
rCold   . . .        (shield currently unavailable)
rNeg    + + .        w - +0 robe
rPois   .            q - +0 helmet
rElec   .            j - +0 cloak
rCorr   .            m - +0 pair of gloves
SInv    .            (no boots)
Will    .....        (no amulet)
Stlth   ++           h - +4 ring of protection
HPRegen 0.29/turn    o - ring of Kaefur {rN++ Will- Slay+4}
MPRegen 0.11/turn

%: no passive effects
@: lethally poisoned (-3 -> -11)
A: high MP 1, forlorn, divine attributes
a: no special abilities


You were on level 5 of the Dungeon.
You visited 1 branch of the dungeon, and saw 7 of its levels.

You collected 213 gold pieces.


Innate Abilities, Weirdness & Mutations

You have an increased reservoir of magic. (+10% MP)
You shall have no god before yourself.
Your divine heritage dramatically boosts your attributes as you level up.


   Skills:
 - Level 2.0 Fighting
 + Level 8.1 Ranged Weapons
 - Level 1.7 Dodging
 - Level 0.8 Stealth


You had 6 spell levels left.
You didn't know any spells.
Your spell library contained the following spells:

 Spells                   Type           Power      Damage    Failure   Level
 Hailstorm                Conj/Ice       0%         3d5       71%         3
 Summon Ice Beast         Ice/Summ       0%         N/A       71%         3
 Volatile Blastmotes      Fire/Tloc      0%         2d10      71%         3
 Fulminant Prism          Conj/Alch      0%         3d5       98%         4
 Iskenderun's Mystic Bla  Conj/Tloc      0%         2d3       98%         4
 Sculpt Simulacrum        Ice/Alch       0%         N/A       100%        6

Inventory:

Hand Weapons
 a - a +0 shortbow (weapon)
Missiles
 k - a throwing net {=f}
 B - 4 curare-tipped darts {=f}
Armour
 j - a +0 cloak (worn)
 m - a +0 pair of gloves (worn)
 q - a +0 helmet (worn)
 w - a +0 robe (worn)
Jewellery
 h - a +4 ring of protection (left hand)
 o - the ring of Kaefur (right hand) {rN++ Will- Slay+4}

   [ring of slaying]

   Slay+4:    It affects your accuracy & damage with ranged weapons and melee
   (+4).
   rN++:      It greatly protects you from negative energy.
   Will-:     It decreases your willpower.
 t - a ring of ice
Wands
 y - a wand of iceblast (2)
Scrolls
 b - 3 scrolls of butterflies
 c - 2 scrolls of enchant armour {unknown}
 d - a scroll of immolation {unknown}
 e - 9 scrolls of identify {unknown}
 g - a scroll of revelation {unknown}
 i - 2 scrolls of blinking {unknown}
 l - 2 scrolls of amnesia {unknown}
 n - a scroll of teleportation {unknown}
 s - 4 scrolls of fear {unknown}
 u - 2 scrolls of enchant weapon {unknown}
 x - a scroll of noise {unknown}
 z - 2 scrolls of torment {unknown}
Potions
 f - 3 potions of curing {@q1}
 p - 2 potions of brilliance {unknown}
 r - a potion of attraction {unknown}
 v - a potion of heal wounds {unknown}
 A - 2 potions of might {unknown}

Dungeon Overview and Level Annotations

Branches:
Dungeon (7/15)
 Temple: D:4-7

Shops:
D:4

[ ▒. ▒▒▒▒▒▒▒▒▒▒▒▒▒▒ ▒▒▒y
▒....)........ ...
▒▒▒.▒▒▒▒▒▒▒▒▒▒▒▒
▒..▒▒▒...▒▒ ▒▒▒▒▒▒▒▒▒
▒▒.........▒▒▒.......)
▒▒▒▒...▒▒.........▒▒▒.▒▒▒
[.......y.....▒▒▒.▒▒.....
▒▒▒▒...▒y▒...▒▒ ▒.▒▒..▒▒▒
▒▒.▒▒p▒▒▒▒▒ ▒.▒▒>.... ...
▒f▒▒▒▒▒▒▒▒.▒▒.▒.▒. ▒▒▒
▒.............▒...
▒..▒▒▒▒▒▒▒.▒▒▒▒▒<. ▒..▒
▒.▒ ▒.. ▒..▒ ▒.▒▒▒▒▒..
▒..▒ ▒....)... ▒.)▒
▒▒....... ▒.)▒ .....▒▒▒.▒


You could see a sleepcap and 2 killer bees.


Message History

It was a potion of curing.
The killer bee stings you.
* * * LOW HITPOINT WARNING * * *
You are poisoned.
The killer bee poisons you!
The sleepcap releases spores at you but does no damage.
The killer bee closely misses you.
Unknown command.
Unknown command.
Unknown command.
You shoot an arrow. The arrow hits the sleepcap!
The sleepcap is moderately damaged.
* * * LOW HITPOINT WARNING * * *
You feel sick. The killer bee stings you.
* * * LOW HITPOINT WARNING * * *
You are more poisoned.
The killer bee poisons you!
The sleepcap releases spores at you but does no damage.
The killer bee closely misses you.
You shoot an arrow. The arrow hits the sleepcap.
The sleepcap is heavily damaged.
* * * LOW HITPOINT WARNING * * *
You feel very sick.
The killer bee stings you but does no damage.
The sleepcap completely misses you. The killer bee stings you.
You die...

Action                     |  1- 3 |  4- 6 |  7- 9 || total
---------------------------+-------+-------+-------++-------
   Fire: Shortbow          |   116 |   150 |     6 ||   272
    Use: Potion            |       |       |     1 ||     1
 Armour: Leather armour    |    40 |    11 |       ||    51
         Robe              |       |    10 |    13 ||    23
  Dodge: Dodged            |    32 |    44 |    10 ||    86

Levels and vault maps discovered:
D:1:      dpeg_arrival_shrine, layout_loops_ring, chequers_serial_rivers_micro_b
D:2:      layout_basic
D:3:      layout_loops_ring, minmay_pentomino_pile, uniq_natasha
D:4:      layout_loops_ring, okawaru_altar_gauntlet_db, nicolae_stop_n_shop_2
D:5:      layout_loops_ring, kennysheep_another_room
D:6:      layout_loops_ring, uniq_jeremiah
D:7:      lemuel_castle_with_subvaults [lemuel_castle_interior_carwin_2],
          layout_rooms, minmay_temple_entry_glass

Notes
Turn   | Place    | Note
-------+----------+-------------------------------------------
     0 | D:1      | sanka the Demigod Hunter began the quest for the Orb.
     0 | D:1      | Reached XP level 1. HP: 17/17 MP: 3/3
   130 | D:1      | Reached skill level 2 in Fighting
   200 | D:1      | Reached skill level 4 in Ranged Weapons
   229 | D:1      | Reached XP level 2. HP: 24/24 MP: 4/4
  1039 | D:2      | Reached XP level 3. HP: 25/29 MP: 5/5
  1218 | D:1      | Reached skill level 5 in Ranged Weapons
  1447 | D:2      | Reached XP level 4. HP: 35/36 MP: 6/6
  1525 | D:3      | Identified the ring of Kaefur {rN++ Will- Slay+4}
  1631 | D:3      | Noticed Natasha
  1637 | D:3      | Killed Natasha
  1785 | D:3      | Reached skill level 6 in Ranged Weapons
  1785 | D:3      | Reached XP level 5. HP: 41/41 MP: 7/7
  1891 | D:3      | Noticed Natasha
  1898 | D:3      | Killed Natasha
  2006 | D:3      | Noticed Natasha
  2016 | D:3      | Killed Natasha
  2297 | D:4      | Found Zunwoice's Armour Emporium.
  2569 | D:4      | Reached XP level 6. HP: 48/48 MP: 8/8
  2682 | D:4      | Reached skill level 7 in Ranged Weapons
  2710 | D:5      | Entered Level 5 of the Dungeon
  2890 | D:4      | Identified +0 storm dragon scales
  3321 | D:5      | Reached skill level 8 in Ranged Weapons
  3334 | D:5      | Reached XP level 7. HP: 53/55 MP: 9/9
  3340 | D:5      | HP: 4/55 [killer bee (2)]
  3341 | D:5      | Slain by a killer bee

Vanquished Creatures
  2 scorpions (D:5)
  A killer bee (D:5)
  2 howler monkeys
  A hound (D:4)
  A jelly (D:4)
  An orc priest (D:5)
  An iguana (D:4)
  Natasha (thrice) (D:3)
  9 gnolls
  6 adders
  A dart slug (D:1)
  2 ribbon worms
  3 orcs
  3 bats
  4 endoplasms
  3 giant cockroaches
  5 goblins
  8 hobgoblins
  7 kobolds
  7 quokkas
  7 ball pythons
  2 frilled lizards
  4 rats
83 creatures vanquished.
